 Dungeon Crawl Stone Soup version 0.29-a0-323-g050149af67 (webtiles) character file.

Game seed: 573318472561501910

98 rabbitsville the Bolt Thrower (level 4, -1/26 HPs)
             Began as a Gargoyle Hunter on Apr 11, 2022.
             Slain by a gnoll
             ... wielding a +0 spear
              (5 damage)
             ... on level 3 of the Dungeon.
             The game lasted 00:04:10 (2341 turns).

rabbitsville the Bolt Thrower (Gargoyle Hunter)     Turns: 2341, Time: 00:04:10

Health: -1/26      AC: 10    Str: 16    XL:     4   Next: 69%
Magic:  4/4        EV: 11    Int: 10    God:
Gold:   124        SH:  0    Dex: 18    Spells: 3/3 levels left

rFire   x . .      SeeInvis .   b - +0 hand axe
rCold   . . .      Faith    .   (no shield)
rNeg    + + +      Spirit   .   n - +1 ring mail of Cefeik {rElec rF- rN+ Dex+5}
rPois   ∞          Reflect  .   (no helmet)
rElec   +          Harm     .   (no cloak)
rCorr   .          Rampage  .   (no gloves)
Will    +....                   (no boots)
Stlth   +.........              d - macabre finger necklace {rN+}
HPRegen 0.08/turn               l - ring of willpower
MPRegen 0.09/turn               (no ring)
                                (no ring)

@: mighty
A: sickness immunity, AC +3, negative energy resistance 1, electricity
resistance, torment resistance 1, petrification resistance
a: no special abilities


You were on level 3 of the Dungeon.
You visited 1 branch of the dungeon, and saw 3 of its levels.

You collected 124 gold pieces.

Inventory:

Hand Weapons
 a - a +1 hand crossbow
 b - a +0 hand axe (weapon)
Armour
 f - a +0 leather armour
 n - the +1 ring mail of Cefeik (worn) {rElec rF- rN+ Dex+5}
   (You found it on level 2 of the Dungeon)

   Dex:       It affects your dexterity (+5).
   rF:        It makes you vulnerable to fire.
   rElec:     It insulates you from electricity.
   rN:        It protects you from negative energy.
Jewellery
 d - the macabre finger necklace (around neck) {rN+}
   (You found it on level 2 of the Dungeon)

   [amulet of nothing]

   It enables you to equip an extra ring.
   rN:        It protects you from negative energy.
 l - a ring of willpower (left hand)
Wands
 q - a wand of iceblast (7)
Scrolls
 c - a scroll of immolation
 e - a scroll of fear {unknown}
 h - a scroll of blinking {unknown}
 j - 4 scrolls of teleportation {unknown}
 k - a scroll of summoning {unknown}
 m - 4 scrolls of identify {unknown}
Potions
 g - a potion of might
 i - a potion of flight {unknown}
 o - a potion of mutation {unknown}
 p - a potion of resistance {unknown}
 r - a potion of magic {unknown}


   Skills:
 - Level 2.1 Fighting
 * Level 5.4 Crossbows
 + Level 2.4 Armour
 - Level 1.5 Dodging
 - Level 1.1 Stealth


You had 3 spell levels left.
You didn't know any spells.
Your spell library contained the following spells:

 Spells                   Type           Power      Damage    Failure   Level
 Scorch                   Fire           0%         2d5       71%         2
 Dazzling Flash           Conj/Hex       0%         N/A       91%         3
 Flame Wave               Conj/Fire      0%         2d4       100%        4
 Agony                    Necr           0%         N/A       100%        5
 Silence                  Hex/Air        0%         N/A       100%        5
 Summon Cactus Giant      Summ           0%         N/A       100%        6


Dungeon Overview and Level Annotations

Branches:
Dungeon (3/15)

Altars:

Shops:
D:1 (


Innate Abilities, Weirdness & Mutations

You are immune to sickness and miasma.
Your stone body is resilient. (AC +3)
You are immune to poison.
You resist negative energy. (rN+)
You are resistant to electric shocks. (rElec)
You are resistant to unholy torment.
You are immune to petrification.


Message History

The gnoll misses you. The gnoll closely misses you.
You shoot a bolt. The bolt hits the gnoll.
You kill the gnoll!
The gnoll closely misses you.
The gnoll hits you from afar with a +0 halberd.
You shoot a bolt.
The bolt hits the gnoll but does no damage.
The gnoll is moderately wounded.
The gnoll hits you but does no damage. The gnoll closely misses you.
You shoot a bolt. The bolt hits the gnoll.
The gnoll is heavily wounded.
The gnoll barely misses you. The gnoll closely misses you.
You shoot a bolt. The bolt hits the gnoll.
The gnoll is severely wounded.
The gnoll hits you from afar with a +0 halberd.
The gnoll hits you from afar with a +0 spear.
The gnoll hits you but does no damage.
The gnoll hits you from afar with a +0 halberd!
* * * LOW HITPOINT WARNING * * *
It was a potion of might.
You feel very mighty all of a sudden. The gnoll misses you.
The gnoll closely misses you.
b - a +0 hand axe (weapon)
The gnoll barely misses you. The gnoll hits you but does no damage.
You see here a +0 flail.
You slash the gnoll!
You kill the gnoll!
You barely miss the gnoll. The gnoll misses you.
You slash the gnoll!
The gnoll is heavily wounded.
The gnoll hits you with a +0 spear.
* * * LOW HITPOINT WARNING * * *
The gnoll completely misses you.
You hit the gnoll.
The gnoll is almost dead.
The gnoll misses you.
You barely miss the gnoll.
The gnoll is almost dead.
The gnoll hits you with a +0 spear.
You die...

# ..# #. ..### #.
.... #.# ... #..
.. ##..#.#
##..#g)# ##...#@#
##......#
.....#^(##
.#####.#.##
.....#...#
........#### #
...#.....<.###...#
......####.......#
..#... #####...#


You could see a gnoll.

Vanquished Creatures
  3 gnolls (D:3)
  2 adders (D:2)
  A dart slug (D:1)
  4 bats
  4 endoplasms (D:1)
  A giant cockroach (D:1)
  4 goblins
  6 hobgoblins
  7 jackals (D:1)
  4 ball pythons
  4 frilled lizards
  4 kobolds (D:1)
  4 rats
48 creatures vanquished.

Notes
Turn   | Place    | Note
-------+----------+-------------------------------------------
     0 | D:1      | rabbitsville the Gargoyle Hunter began the quest for the
                  | Orb.
     0 | D:1      | Reached XP level 1. HP: 12/12 MP: 1/1
    29 | D:1      | Found a faded altar of an unknown god.
   446 | D:1      | Reached XP level 2. HP: 17/17 MP: 2/2
   528 | D:1      | Reached skill level 1 in Armour
   843 | D:1      | Reached XP level 3. HP: 21/21 MP: 3/3
  1267 | D:1      | Found Cysolose's Antique Weapon Boutique.
  1407 | D:2      | Reached skill level 5 in Crossbows
  1415 | D:2      | HP: 1/21 [hobgoblin (3)]
  1711 | D:2      | Found the macabre finger necklace {rN+}
  1771 | D:2      | Identified the +1 ring mail of Cefeik {rElec rF- rN+ Dex+5}
  1934 | D:2      | Reached XP level 4. HP: 25/26 MP: 4/4
  2341 | D:3      | Slain by a gnoll

Illustrated notes

Levels and vault maps discovered:
D:1:      dpeg_arrival_ternary, layout_basic, serial_shops,
          nicolae_shop_competitors_out_of_business,
          chequers_ecumenical_altar_simple_redux
D:2:      layout_basic, hangedman_decor_push, minmay_circle_x
D:3:      layout_rooms, minmay_misc_feat_more_columns,
          kennysheep_decorative_pillar

Skill      XL: |  1  2  3  4 |
---------------+-------------+-----
Armour         | 1 2 |  2.4
Crossbows      | 5 |  5.4
Fighting       | |  2.1
Dodging        | |  1.5
Stealth        | |  1.1

Action                   |  1- 3 |  4- 6 || total
-------------------------+-------+-------++-------
Melee: Hand axe          |    27 |     7 ||    34
 Fire: Hand crossbow     |    83 |    23 ||   106
  Use: Potion            |     1 |     1 ||     2
Armor: Leather armour    |    26 |       ||    26
       Skin              |     4 |       ||     4
       Ring mail         |       |     5 ||     5
Dodge: Dodged            |    32 |    19 ||    51

Table legend: (Time is in decaauts)
 A = Elapsed time spent in this place.
 B = Non-inter-level travel time spent in this place.
 C = Inter-level travel time spent in this place.
 D = Time resting spent in this place.
 E = Time spent auto-exploring this place.
 F = Levels seen in this place.
 G = Mean time per level.
                   A        B        C        D        E       F      G
               +--------+--------+--------+--------+--------+-----+--------+
         Total |   2379 |   2379 |      0 |    411 |   1625 |   3 |  793.0 |
       Dungeon |   2379 |   2379 |      0 |    411 |   1625 |   3 |  793.0 |
               +--------+--------+--------+--------+--------+-----+--------+

Top non-repeatable levels by time:
     D:1: 1408 daAuts
     D:2: 928 daAuts
     D:3: 42 daAuts
